 Dungeon Crawl Stone Soup version 0.28.0-53-g5a82cb258f (webtiles) character file.

Game seed: 4718190407607636815

44 firemarshallily the Skirmisher (level 3, 0/26 HPs)
             Began as an Octopode Berserker on June 22, 2022.
             Was a Believer of Trog.
             Slain by a quokka (2 damage)
             ... on level 2 of the Dungeon.
             The game lasted 00:03:25 (1417 turns).

firemarshallily the Skirmisher (Octopode Berserker) Turns: 1417, Time: 00:03:27

Health: 0/26       AC:  1    Str: 18    XL:     3   Next: 62%
Magic:  3/3        EV: 13    Int:  9    God:    Trog [**....]
Gold:   78         SH:  0    Dex: 11    Spells: 2/2 levels left

rFire   . . .      SeeInvis .   a - +0 hand axe
rCold   . . .      Faith    .   (no shield)
rNeg    . . .      Spirit   .   (helmet restricted)
rPois   .          Reflect  .   (no amulet)
rElec   .          Harm     .   (no ring)
rCorr   .          Rampage  .   (no ring)
Will    .....                   (no ring)
Stlth   ++........              (no ring)
HPRegen 0.08/turn               (no ring)
MPRegen 0.08/turn               (no ring)
                                (no ring)
                                (no ring)

@: brilliant, lethally poisoned (0 -> -9), weak-willed
A: almost no armour, amphibious, 8 rings, camouflage 1, gelatinous body 1,
(nimble swimmer 1), tentacles
a: Renounce Religion, Berserk, Trog's Hand


You were on level 2 of the Dungeon.
You worshipped Trog.
Trog was pleased with you.
You visited 1 branch of the dungeon, and saw 2 of its levels.

You collected 78 gold pieces.

Inventory:

Hand Weapons
 a - a +0 hand axe (weapon)
Missiles
 e - 21 stones (quivered)
 f - 2 poisoned darts
 g - 3 boomerangs
Potions
 b - a potion of curing {unknown}
 c - a potion of brilliance


   Skills:
 * Level 3.6 Fighting
 * Level 3.6 Axes
 + Level 3.3 Dodging


You had 2 spell levels left.
You didn't know any spells.
Your spell library was empty.

Dungeon Overview and Level Annotations

Branches:
Dungeon (2/15)

Altars:

Annotations:
D:2 Jessica


Innate Abilities, Weirdness & Mutations

You cannot wear most types of armour.
You are amphibious.
You can wear up to eight rings at the same time.
Your skin changes colour to match your surroundings (Stealth+).
Your rubbery body absorbs attacks. (AC +1, EV +1)
((You are camouflaged when in or above water. (Stealth+)))
You have tentacles for arms and can constrict up to eight enemies at once.


Message History

Things that are here:
a +0 dagger; a goblin corpse
Found 22 stones.
A quokka comes into view.
A rat comes into view.
The jackal barks!
You slash the jackal!
You kill the jackal!
Trog accepts your kill.
An adder comes into view.
Jessica the Apprentice Sorceress comes into view.
She is wielding a +0 club.
You hit the jackal but do no damage. Your grab misses the jackal.
The jackal bites you but does no damage.
Jessica casts a spell.
Jessica blinks!
An endoplasm comes into view.
The jackal barely misses you.
You closely miss the jackal. You grab the jackal. You tentacle-slap the jackal.
The jackal is moderately wounded.
You constrict the jackal. The jackal closely misses you.
You hit the jackal.
You kill the jackal!
Trog accepts your kill.
You closely miss the quokka. The jackal closely misses you.
The quokka completely misses you.
You hit the quokka but do no damage. Your grab misses the quokka.
You hit the jackal.
You kill the jackal!
Trog accepts your kill. The quokka bites you.
You barely miss the quokka. Your grab misses the quokka. You hit the adder.
The quokka bites you. The adder bites you.
You are poisoned.
The adder poisons you! The adder bites you. The quokka bites you.
It was a potion of brilliance.
You feel clever all of a sudden.
You feel sick. The adder bites you.
* * * LOW HITPOINT WARNING * * *
You are more poisoned.
The adder poisons you! The quokka bites you.
You die...

.......... ........(.
.......?.###
...........
.......... ......J..
....@.Sr#####
#.#@....# #...
#.#.)...# #...
#.#.....# #....
#.......# ...
##......# ...
####......#
#####.#####.......[.#
......>.....###.....#
######..#### #.....#


You could see an adder, Jessica, an endoplasm and a quokka.

Vanquished Creatures
  3 dart slugs (D:1)
  4 endoplasms (D:1)
  2 giant cockroaches
  6 goblins
  4 hobgoblins (D:1)
  3 jackals (D:2)
  A kobold (D:1)
  A quokka (D:1)
  3 ball pythons (D:1)
  2 bats (D:1)
  A frilled lizard (D:1)
  5 rats (D:1)
35 creatures vanquished.

Vanquished Creatures (others)
  3 plants (D:1)
3 creatures vanquished.

Grand Total: 38 creatures vanquished

Notes
Turn   | Place    | Note
-------+----------+-------------------------------------------
     0 | D:1      | firemarshallily the Octopode Berserker began the quest for
                  | the Orb.
     0 | D:1      | Reached XP level 1. HP: 16/16 MP: 1/1
    70 | D:1      | Reached XP level 2. HP: 3/21 MP: 2/2
   637 | D:1      | Reached XP level 3. HP: 22/26 MP: 3/3
   818 | D:1      | Reached ** piety under Trog
  1411 | D:2      | Noticed Jessica
  1417 | D:2      | Slain by a quokka

Illustrated notes

Levels and vault maps discovered:
D:1:      kennysheep_arrival_seaside, layout_basic, minmay_quantized
D:2:      layout_rooms, basic_altar, chequers_ecumenical_altar_simple_redux,
          uniq_jessica

Action                   || total
-------------------------++-------
Melee: Hand axe          ||    70
       Constrict         ||    12
       Tentacles         ||     6
       Punch             ||     1
  Use: Scroll            ||     1
       Potion            ||     1
 Stab: Sleeping          ||     7
Armor: Skin              ||     6
Dodge: Dodged            ||    60
